 Dungeon Crawl Stone Soup version 0.30.1-11-g7821555f0a (webtiles) character file.

Game seed: 11469417492119002747

57 Tauromancer the Trooper (level 4, -2/40 HPs)
             Began as a Hill Orc Fighter on Jan 9, 2024.
             Shot with an arrow by a centaur (5 damage)
             ... on level 5 of the Dungeon.
             The game lasted 00:06:00 (1326 turns).

Tauromancer the Trooper (Hill Orc Fighter)          Turns: 1326, Time: 00:06:00

Health: -2/40      AC:  7    Str: 24    XL:     4   Next: 0%
Magic:  4/4        EV:  9    Int:  7    God:
Gold:   123        SH:  5    Dex:  9    Spells: 3/3 levels left

rFire   . . .        a - +1 trident
rCold   . . .        c - +1 buckler
rNeg    . . .        b - +0 scale mail
rPois   .            (no helmet)
rElec   .            (no cloak)
rCorr   .            (no gloves)
SInv    .            (no boots)
Will    .....        (no amulet) Stlth
                     (no ring)
HPRegen 0.26/turn    (no ring)
MPRegen 0.09/turn

%: no passive effects
@: no status effects
A: strong 1, evolution 1
a: no special abilities


You were on level 5 of the Dungeon.
You visited 1 branch of the dungeon, and saw 4 of its levels.

You collected 123 gold pieces.

Inventory:

Hand Weapons
 a - a +1 trident (weapon)
Missiles
 n - 2 throwing nets (quivered)
Armour
 b - a +0 scale mail (worn)
 c - a +1 buckler (worn)
Jewellery
 j - a ring of fire
Scrolls
 k - a scroll of teleportation
 m - a scroll of fog {unknown}
 o - a scroll of magic mapping {unknown}
Potions
 d - a potion of might
 e - a potion of degeneration {unknown}
 f - a potion of curing {unknown}
 g - a potion of lignification {unknown}
 h - 2 potions of mutation
 i - a potion of attraction {unknown}
 l - a potion of resistance {unknown}


   Skills:
 + Level 4.2 Fighting
 + Level 3.0 Polearms
 + Level 3.8 Armour
 + Level 3.8 Shields


You had 3 spell levels left.
You didn't know any spells.
Your spell library contained the following spells:

 Spells                   Type           Power      Damage    Failure   Level
 Ensorcelled Hibernation  Hex/Ice        0%         N/A       90%         2
 Passwall                 Tmut/Erth      0%         N/A       90%         2
 Swiftness                Air            0%         N/A       99%         3


Dungeon Overview and Level Annotations

Branches:
Dungeon (3/15)             Temple (0/1) D:5

Altars:

Shops:
D:1 =(


Innate Abilities, Weirdness & Mutations

Your muscles are strong. (Str +4, Int/Dex -1)
You have hidden genetic potential.


Message History

Your Polearms skill increases to level 3!
You have reached level 4!
Found a dagger.
Found 6 poisoned darts.
A sourceless malevolence fills the Dungeon...
You fall into a shaft and drop 2 floors!
The shaft crumbles and collapses.
Found a stone staircase leading down.
A centaur comes into view.
Found an amethyst potion.
The centaur shouts!
The centaur wields a +0 shortbow.
The centaur shoots an arrow.
You block the arrow.
The centaur shoots an arrow.
You block the arrow.
The centaur shoots an arrow.
The arrow hits you but does no damage.
The centaur shoots an arrow.
The arrow hits you.
Found a sling.
You see here a +0 sling.
The centaur shoots an arrow.
The arrow barely misses you.
The centaur shoots an arrow.
The arrow completely misses you.
The centaur shoots an arrow.
You block the arrow.
The centaur shoots an arrow.
The arrow hits you.
The centaur shoots an arrow.
The arrow hits you.
The centaur shoots an arrow.
The arrow hits you!
The centaur shoots an arrow.
You block the arrow.
The centaur shoots an arrow.
The arrow closely misses you.
The centaur shoots an arrow.
The arrow hits you!
Found a scroll labelled VOG HE UFE.
The centaur shoots an arrow.
The arrow hits you.
* * * LOW HITPOINT WARNING * * *
The centaur shoots an arrow.
You block the arrow.
Found a glaive.
Found a staircase to the Ecumenical Temple.
The centaur shoots an arrow.
The arrow hits you!
* * * LOW HITPOINT WARNING * * *
The centaur shoots an arrow.
The arrow hits you but does no damage.
The centaur shoots an arrow.
You block the arrow.
Okay, then.
The centaur shoots an arrow.
The arrow hits you.
You die...

#........##
##..........#
#..........)##
#............#
#............#
?............##
#............#
#............#
##@###......###
#....c#.#####
#.♣.♣.#.#
#..>....#
#.♣.♣.###
#.....# ##).###
#.## ...


You could see a centaur.

Vanquished Creatures
  An adder (D:2)
  A worm (D:2)
  A dart slug (D:1)
  2 endoplasms
  3 giant cockroaches
  A goblin (D:2)
  3 hobgoblins
  3 jackals (D:2)
  3 kobolds
  2 quokkas
  5 ball pythons
  3 bats
  A frilled lizard (D:1)
  3 rats (D:2)
32 creatures vanquished.

Vanquished Creatures (collateral kills)
  An adder (D:2)
1 creature vanquished.

Grand Total: 33 creatures vanquished

Notes
Turn   | Place    | Note
-------+----------+-------------------------------------------
     0 | D:1      | Tauromancer the Hill Orc Fighter began the quest for the
                  | Orb.
     0 | D:1      | Reached XP level 1. HP: 19/19 MP: 1/1
    43 | D:1      | Found Tupuedgh's Jewellery Shoppe.
    70 | D:1      | Found Waiwn's Weapon Shop.
   104 | D:1      | Reached XP level 2. HP: 27/27 MP: 2/2
   478 | D:2      | Reached skill level 4 in Fighting
   577 | D:2      | Reached XP level 3. HP: 32/33 MP: 3/3
   930 | D:2      | Gained mutation: Your muscles are strong. (Str +4, Int/Dex
                  | -1) [potion of mutation]
   930 | D:2      | Gained mutation: You have hidden genetic potential. [potion
                  | of mutation]
  1286 | D:3      | Reached XP level 4. HP: 40/40 MP: 4/4
  1287 | D:3      | You fall into a shaft and drop 2 floors!
  1287 | D:5      | Entered Level 5 of the Dungeon
  1294 | D:5      | Noticed a centaur
  1319 | D:5      | Found a staircase to the Ecumenical Temple.
  1322 | D:5      | HP: 2/40 [centaur/arrow (11)]
  1326 | D:5      | Shot with an arrow by a centaur

Illustrated notes

Levels and vault maps discovered:
D:1:      pf_arrival_petrified_forest, layout_rooms, serial_shops, shop,
          nicolae_shop_competitors_out_of_business
D:2:      layout_basic, minmay_tromino_v4_b
D:3:      layout_basic, serial_shops, shop,
          hellmonk_ecumenical_altar_crossroads, nicolae_elevator_lobby_plus
D:5:      layout_cave_pods, minmay_temple_entry_trees

Skill      XL: |  1  2  3 |
---------------+----------+-----
Fighting       | 4 |  4.2
Polearms       | 3 |  3.0
Armour         | |  3.8
Shields        | |  3.8

Action                     |  1- 3 |  4- 6 || total
---------------------------+-------+-------++-------
  Melee: Trident           |    89 |       ||    89
    Use: Scroll            |     6 |       ||     6
         Potion            |     1 |       ||     1
 Armour: Scale mail        |    45 |     2 ||    47
  Dodge: Dodged            |    30 |     3 ||    33
  Block: Buckler           |    19 |     6 ||    25
